 Dungeon Crawl Stone Soup version 0.14-a0-882-gdff4d47 (webtiles) character file.

279 Malachi the Skirmisher (level 4, -2/32 HPs)
             Began as a High Elf Fighter on Nov 17, 2013.
             Killed from afar by Edmund (3 damage)
             ... with a wand of frost
             ... on Level 4 of the Dungeon.
             The game lasted 00:03:48 (2536 turns).

Malachi the Skirmisher (High Elf Fighter)           Turns: 2536, Time: 00:03:48

HP  -2/32        AC  9     Str 16      XL: 4   Next: 92%
MP   6/6         EV  6     Int 12      God:
Gold 147         SH 18     Dex 14      Spells:  0 memorised,  3 levels left

Res.Fire  : . . .   See Invis. : .   o - +2,+1 long sword
Res.Cold  : . . .   Warding    : .   b - +0 elf scale mail
Life Prot.: . . .   Conserve   : .   c - +0 elf shield
Res.Poison: .       Res.Corr.  : .   p - +0 helmet (curse)
Res.Elec. : .       Clarity    : .   (no cloak)
Sust.Abil.: . .     Spirit.Shd : .   (no gloves)
Res.Mut.  : .       Stasis     : .   m - +0 pair of boots
Res.Rott. : .       Flight     : .   (no amulet)
Saprovore : . . .                    (no ring)
                                     n - ring of flight

@: very slightly contaminated, hasted, drained, very quick, slightly resistant
to hostile enchantments, extremely unstealthy
A: no striking features
a: Evoke Flight


You were on level 4 of the Dungeon.
You were not hungry.

You visited 1 branch of the dungeon, and saw 4 of its levels.

You collected 147 gold pieces.

Inventory:

Hand weapons
 a - a +0,+0 elven falchion
 o - a +2,+1 long sword (weapon)
Armour
 b - a +0 elven scale mail (worn)
 c - a +0 elven shield (worn)
 m - a +0 pair of boots (worn)
 p - a cursed +0 helmet (worn)
Comestibles
 d - 2 bread rations
 l - a meat ration
Scrolls
 e - 2 scrolls of identify {unknown}
 f - 3 scrolls of noise
 g - 2 scrolls of teleportation
 h - 3 scrolls of amnesia {unknown}
 j - 3 scrolls of remove curse {unknown}
 q - 3 scrolls of enchant weapon I {unknown}
 s - a scroll of recharging {unknown}
 t - a scroll of curse jewellery {unknown}
 y - a scroll of enchant armour {unknown}
Jewellery
 n - a ring of flight (left hand)
Potions
 i - 2 potions of curing {unknown}
 r - a potion of degeneration {unknown}
 u - a potion of resistance {unknown}
 v - a potion of flight {unknown}
 x - a potion of might {unknown}


   Skills:
 + Level 3.8(2.7) Fighting
 + Level 3.2(2.1) Long Blades
 + Level 3.1(2.0) Armour
 + Level 1.9(0.9) Dodging
 + Level 3.5(2.4) Shields


You had 3 spell levels left.
You didn't know any spells.

Dungeon Overview and Level Annotations

Branches:
Dungeon (4/16)
 Temple: D:4-7

Altars:

Annotations:
D:3 Grinder
D:4 Edmund, Eustachio, Prince Ribbit


Message History

Drink which item? (? for menu, Esc to quit)
You feel yourself speed up.
Edmund zaps a wand.
The puff of frost hits you!
* * * LOW HITPOINT WARNING * * *
You are very lightly contaminated with residual magic.
You slash Edmund!
Edmund is moderately wounded.
Edmund zaps a wand.
The puff of frost misses you.
Your shield and scale mail prevent you from hitting Edmund.
Edmund is moderately wounded.
Edmund hits you with a flail of draining.
* * * LOW HITPOINT WARNING * * *
You feel drained.
* * * LOW HITPOINT WARNING * * *
Edmund hits you with a flail of draining.
* * * LOW HITPOINT WARNING * * *
You feel drained.
Edmund zaps a wand.
The puff of frost hits you!
* * * LOW HITPOINT WARNING * * *
Edmund zaps a wand.
The puff of frost hits you!
You die...

... ..####
####....###
..........#
).......$.#
#.......@..#
#..........#
..>........#
#.......@..#
#..........#
#..........#
########.###
#..#
########.######
..............#
...........%..#
#........(...<.#


You could see Edmund.

Vanquished Creatures
  A centaur skeleton (D:4)
  4 adders
  2 worms (D:3)
  3 giant geckos
  An ooze (D:2)
  2 orcs (D:3)
  9 bats
  A giant cockroach (D:2)
  4 hobgoblins
  4 kobolds
  2 quokkas (D:2)
  4 giant newts
  7 goblins
  10 rats
54 creatures vanquished.

Notes
Turn   | Place    | Note
--------------------------------------------------------------
     0 | D:1      | Malachi, the High Elf Fighter, began the quest for the Orb.
     0 | D:1      | Reached XP level 1. HP: 16/16 MP: 1/1
    37 | D:1      | Reached XP level 2. HP: 19/21 MP: 2/2
   330 | D:1      | Reached XP level 3. HP: 24/27 MP: 4/4
   960 | D:3      | Noticed Grinder
   964 | D:3      | Paralysed by Grinder for 7 turns
  1456 | D:3      | Reached skill level 1 in Dodging
  1494 | D:3      | Reached XP level 4. HP: 11/32 MP: 6/6
  1725 | D:4      | Noticed Prince Ribbit
  2453 | D:4      | Noticed Eustachio
  2524 | D:4      | Noticed Edmund
  2534 | D:4      | HP: 1/32 [Edmund/flail of draining (1)]
  2536 | D:4      | Killed from afar by Edmund

Action                   |  1- 3 |  4- 6 || total
-------------------------+-------+-------++-------
Melee: Falchion          |    81 |       ||    81
       Long sword        |    40 |    62 ||   102
  Use: Scroll            |       |     2 ||     2
       Potion            |       |     1 ||     1
